Cogmind - Beta 12 --- EXPLORER MODE // 2023.09.19 @ 20:54:48 Player: Rowlands Result: Self-destructed Performance ------------- Evolutions (1) 500 Regions Visited (3) 600 Robots Destroyed (14) 70 Value Destroyed (378) 378 Prototype IDs (1) 20 Alien Tech Used (0) 0 Bonus (74) 74 TOTAL SCORE: 1642 Bonus ------- Follower Combat Kills 74 Cogmind --------- Core Integrity 297/400 Matter 240/300 Energy 100/100 System Corruption 0% Temperature Cool (0) Movement Core (250) Ox4 Location -9/Mines Parts ------- > --- POWER (1) -------- (None) > --- PROPULSION (4) --- (None) > --- UTILITY (3) ------ Medium Storage Unit Targeting Computer Utility Shielding > --- WEAPON (2) ------- Grenade Launcher > --- INVENTORY (10) --- Wheel Compact Wheel Medium Matter Pod (100) Sensor Array Light Armor Plating Light Armor Plating Assault Rifle Mining Laser Peak State ------------ > --- POWER ------------ Heavy Ion Engine > --- PROPULSION ------- Compact Wheel Compact Wheel Compact Wheel Compact Wheel > --- UTILITY ---------- Medium Storage Unit Targeting Computer Utility Shielding > --- WEAPON ----------- Medium Laser Light Assault Rifle > --- INVENTORY -------- Wheel Compact Wheel Medium Matter Pod Sensor Array Light Armor Plating Light Armor Plating Assault Rifle Grenade Launcher [Rating: 12] Favorites ----------- Power Ion Engine Engine Ion Engine Propulsion Compact Wheel Leg Aluminum Leg Wheel Compact Wheel Utility Medium Storage Unit Storage Medium Storage Unit Processor Targeting Computer Protection Utility Shielding Weapon Medium Laser Energy Gun Medium Laser Ballistic Gun Light Assault Rifle Launcher Grenade Launcher Build | -11 -10 -9 -9 ------- Run | Jun Mat Mat Min Slots Evolved 3 | . 1 2 . Power . | . . . . Propulsion 2 | . . 2 . Utility 1 | . 1 . . Weapon . | . . . . Parts Attached 15 | 6 5 3 1 Power 3 | 1 1 1 . Engine 3 | 1 1 1 . Core . | . . . . Reactor . | . . . . Propulsion 6 | 2 2 2 . Treads . | . . . . Leg 2 | 2 . . . Wheel 4 | . 2 2 . Hover . | . . . . Flight . | . . . . Utility 3 | 1 2 . . Device . | . . . . Storage 1 | 1 . . . Processor 1 | . 1 . . Hackware . | . . . . Protection 1 | . 1 . . Artifact . | . . . . Weapon 3 | 2 . . 1 Energy Gun 1 | 1 . . . Energy Cannon . | . . . . Ballistic Gun 1 | 1 . . . Ballistic Cannon . | . . . . Launcher 1 | . . . 1 Special Weapon . | . . . . Impact Weapon . | . . . . Slashing Weapon . | . . . . Piercing Weapon . | . . . . Special Melee Weapon . | . . . . Unidentified Prototypes 1 | . . 1 . Parts Lost 8 | . 1 . 7 Power 2 | . 1 . 1 Propulsion 4 | . . . 4 Utility . | . . . . Weapon 2 | . . . 2 Highest Loss Streak 6 | . 1 . 6 To Critical Strikes . | . . . . Average Slot Usage (%) 95 | . 99 90 90 Engine 9 | . 11 . 9 Leg 8 | . 14 . . Wheel 21 | . 10 40 31 Storage 11 | . 12 10 10 Processor 10 | . 11 10 10 Protection 10 | . 11 10 10 Energy Gun 10 | . 12 10 9 Ballistic Gun 10 | . 12 10 9 Naked Turns . | . . . . Heaviest Build 22 | 16 19 22 22 Greatest Support 64 | 20 32 64 64 Greatest Overweight (x) 4 | 4 1 . 1 Average Overweight (x) . | . . . . Largest Inventory Capacity 10 | 10 10 10 10 Average Capacity 9 | 9 10 10 10 Most Carried 10 | 8 10 10 9 Average Carried 7 | 2 8 8 8 Final Capacity 10 | 10 10 10 10 Final Carried 10 | 8 10 8 8 Class Distribution -------------------- 100% | Hacker-Mutant Dominant Class ---------------- Hacker-Mutant | -10/Materials Hacker-Mutant | -9/Materials Hacker-Mutant | -9/Mines Resources | -11 -10 -9 -9 ----------- Run | Jun Mat Mat Min Matter Collected 476 | 218 215 25 18 Remotely . | . . . . Salvage Created 432 | . 240 41 151 Parts 31 | . 17 6 8 Haulers Intercepted . | . . . . Recyclers Shooed . | . . . . Parts Field Recycled . | . . . . Retrieved Matter . | . . . . Parts Self-Destructed . | . . . . Prevented . | . . . . Kills | -11 -10 -9 -9 ------- Run | Jun Mat Mat Min Combat Hostiles Destroyed 12 | . 6 3 3 Guns 11 | . 5 3 3 Classes Destroyed 4 | . 3 . 1 Watcher 2 | . 2 . . Swarmer 5 | . 2 3 . Grunt 6 | . 4 . 2 Demolisher 1 | . . . 1 Best Kill Streak 4 | . 4 3 2 Combat Bots Only 3 | . 2 3 2 Max Kills in Single Turn 1 | . 1 1 1 Gunslinging . | . . . . Exploded . | . . . . Melee . | . . . . Uniques/NPCs Destroyed . | . . . . Combat | -11 -10 -9 -9 -------- Run | Jun Mat Mat Min Damage Taken 779 | . 241 39 499 Core 172 | . 69 . 103 Absorbed by Shields . | . . . . Redirected to Shielding 32 | . . . 32 Core Remaining (%) 86 | 100 72 . . Volleys Fired 46 | . 23 5 18 Largest 2 | . 2 2 2 Hottest 70 | . 70 70 70 Shots Fired 84 | . 46 10 28 Gun 78 | . 46 10 22 Cannon . | . . . . Launcher 6 | . . . 6 Special . | . . . . Kinetic 40 | . 23 5 12 Thermal 38 | . 23 5 10 Explosive 6 | . . . 6 Electromagnetic . | . . . . Robot Hit Streak 41 | . 41 5 19 Robot Miss Streak 1 | . . 1 1 Penetration Max . | . . . . Secondary Targets . | . . . . Shots Hit Robots 74 | . 41 7 26 Core Hits 34 | . 15 4 15 Critical Kills . | . . . . Critical Parts Destroyed . | . . . . Critical Strikes 6 | . 4 1 1 Burn 6 | . 4 1 1 Melee Attacks . | . . . . Impact . | . . . . Slashing . | . . . . Piercing . | . . . . Sneak Attacks . | . . . . Combat Hostiles . | . . . . Follow-up Attacks . | . . . . Damage Inflicted 747 | . 435 71 241 Guns 705 | . 435 71 199 Cannons . | . . . . Explosions 42 | . . . 42 Melee . | . . . . Ramming . | . . . . Kinetic 281 | . 160 22 99 Thermal 424 | . 275 49 100 Explosive 42 | . . . 42 Electromagnetic . | . . . . Impact . | . . . . Slashing . | . . . . Piercing . | . . . . Highest Corruption . | . . . . Average Corruption . | . . . . Corruption Purged . | . . . . Corruption Blocked . | . . . . Overload Shots . | . . . . Overflow Damage . | . . . . Projectiles . | . . . . Explosions . | . . . . Melee . | . . . . Knockbacks . | . . . . Impact . | . . . . Kinetic . | . . . . Secondary . | . . . . Self-Inflicted Damage . | . . . . Shots . | . . . . Rammed . | . . . . Targets Rammed . | . . . . Kicked . | . . . . Crushed . | . . . . Highest Temperature 251 | . 251 14 81 Average Temperature 70 | . 93 10 30 Received Heat Transfer 192 | . 147 . 45 Siege Activations . | . . . . Robots Corrupted . | . . . . Combat Hostiles . | . . . . Parts Fried . | . . . . Impact Corruptions . | . . . . Robots Melted 1 | . 1 . . Combat Hostiles 1 | . 1 . . Parts Melted 2 | . 1 1 . Heat Transferred 1702 | . 1110 222 370 Parts Sabotaged . | . . . . Parts Stolen . | . . . . Parts Stripped . | . . . . Power Chain Reactions . | . . . . Missiles Intercepted . | . . . . Alert | -11 -10 -9 -9 ------- Run | Jun Mat Mat Min Peak Influence 239 | . 239 148 164 Initial 40 | . . . 40 Average 60 | . 59 36 112 Maximum Alert Level 1 | . 1 . . Low Security (%) 95 | 100 90 100 100 Level 1 4 | . 9 . . Level 2 . | . . . . Level 3 . | . . . . Level 4 . | . . . . Level 5 . | . . . . High Security . | . . . . Max Security . | . . . . Squads Dispatched . | . . . . Investigation . | . . . . Extermination . | . . . . Reinforcement . | . . . . Assault . | . . . . Garrison . | . . . . Intercept . | . . . . Searches Triggered . | . . . . Construction Impeded . | . . . . Haulers Reinforced . | . . . . Active Scanning Responses . | . . . . Cargo Convoy Interrupts . | . . . . Stealth | -11 -10 -9 -9 --------- Run | Jun Mat Mat Min Distress Signals . | . . . . Communications Jammed . | . . . . Distress Signals . | . . . . Times Spotted 31 | . 13 6 12 Peak Tracking Total 6 | . 4 6 5 Tactical Retreats 2 | . 1 1 . Traps | -11 -10 -9 -9 ------- Run | Jun Mat Mat Min Traps Triggered 2 | . 2 . . Indirectly . | . . . . Trap Hack Attempts . | . . . . Triggered . | . . . . Disarmed . | . . . . Reprogrammed . | . . . . Reused . | . . . . Traps Extracted . | . . . . Installed . | . . . . Triggered . | . . . . Machines | -11 -10 -9 -9 ---------- Run | Jun Mat Mat Min Machines Disabled . | . . . . Max in Single Turn . | . . . . Machines Repaired . | . . . . Machines Sabotaged . | . . . . Overloaded Fab Kills . | . . . . Hacking | -11 -10 -9 -9 --------- Run | Jun Mat Mat Min Machines Accessed 4 | . 3 1 . Terminals 4 | . 3 1 . Fabricators . | . . . . Repair Stations . | . . . . Recycling Units . | . . . . Scanalyzers . | . . . . Garrison Access . | . . . . Total Hacks 6 | . 5 1 . Successful 4 | . 3 1 . Failed 2 | . 2 . . Catastrophic . | . . . . Database Lockouts . | . . . . Manual . | . . . . Terminals 6 | . 5 1 . Fabricators . | . . . . Repair Stations . | . . . . Recycling Units . | . . . . Scanalyzers . | . . . . Garrison Access . | . . . . Terminal Hacks 4 | . 3 1 . Record 2 | . 2 . . Zone Layout 2 | . 1 1 . Fabricator Hacks . | . . . . Repair Station Hacks . | . . . . Recycling Unit Hacks . | . . . . Scanalyzer . | . . . . Garrison Access Hacks . | . . . . Unauthorized Hacks . | . . . . Terminals . | . . . . Fabricators . | . . . . Repair Stations . | . . . . Recycling Units . | . . . . Scanalyzers . | . . . . Garrison Access . | . . . . Data Cores Recovered . | . . . . Used . | . . . . Hacking Detections . | . . . . Full Trace Events . | . . . . Feedback Events . | . . . . Feedback Blocked . | . . . . Robot Schematics Acquired . | . . . . Robots Built . | . . . . Authchips . | . . . . Time . | . . . . Total Robot Build Rating . | . . . . Part Schematics Acquired . | . . . . Parts Built . | . . . . Authchips . | . . . . Time . | . . . . Total Part Build Rating . | . . . . Parts Repaired . | . . . . Time . | . . . . Parts Recycled . | . . . . Recycled Matter . | . . . . Retrieved Matter . | . . . . Retrieved Components . | . . . . Parts Scanalyzed . | . . . . Part Schematics Acquired . | . . . . Parts Damaged . | . . . . Bothacking | -11 -10 -9 -9 ------------ Run | Jun Mat Mat Min Used RIF Installer . | . . . . Robots Hacked . | . . . . Non-combat . | . . . . Combat . | . . . . Robot Hacks Applied . | . . . . Relay Couplers Released . | . . . . Fabnet Peak Effective % . | . . . . Robots Rewired . | . . . . Allies Hacked . | . . . . Hacks Repelled . | . . . . Allies | -11 -10 -9 -9 -------- Run | Jun Mat Mat Min Total Allies 1 | . . . 1 Largest Group 1 | . . . 1 Highest-Rated Group 31 | . . . 31 Highest-Rated Ally 31 | . . . 31 Total Orders . | . . . . Ally Attacks 14 | . . . 14 Total Damage 187 | . . . 187 Kills 4 | . . . 4 Allies Corrupted . | . . . . Allies Melted . | . . . . Intel | -11 -10 -9 -9 ------- Run | Jun Mat Mat Min Robot Analysis Total . | . . . . Derelict Logs Recovered . | . . . . Drone Launches . | . . . . Drone Recoveries . | . . . . Exploration | -11 -10 -9 -9 ------------- Run | Jun Mat Mat Min Turns Passed 889 | 111 439 145 194 Spaces Moved 606 | 77 275 124 130 Core 29 | 29 . . . Treads . | . . . . Legs 221 | 48 173 . . Wheels 356 | . 102 124 130 Hover . | . . . . Flight . | . . . . Fastest Speed 50 | 50 100 100 100 Average Speed 107 | 117 112 100 100 Slowest Speed 250 | 250 120 100 115 Overloaded Moves . | . . . . Propulsion Burnouts . | . . . . Robots Hopped . | . . . . Cave-ins Triggered . | . . . . Exploration Rate (%) 28 | 5 54 22 32 Regions Visited 3 Branch Regions 1 Pre-discovered Areas . | . . . . Known Exits Taken 3 | 1 1 1 . Unknown Exits Taken . | . . . . Scrap Searched . | . . . . Spaces Dug . | . . . . Terrain Destroyed 34 | . . . 34 Melee . | . . . . Projectile . | . . . . AOE 34 | . . . 34 Terrain Rammed . | . . . . Walls Destroyed . | . . . . Machines Disabled . | . . . . Actions | -11 -10 -9 -9 --------- Run | Jun Mat Mat Min Total 762 | 94 365 135 168 Wait 71 | 4 45 4 18 Move 603 | 76 274 123 130 Hop . | . . . . Pick Up 19 | 8 10 . 1 Fast Attach 9 | 6 2 1 . Attach 5 | . 2 2 1 Detach . | . . . . Swap 1 | . 1 . . Drop 8 | . 8 . . Fire 46 | . 23 5 18 Melee . | . . . . Ram . | . . . . Kick . | . . . . Crush . | . . . . Escape Stasis . | . . . . Rewire . | . . . . Trap . | . . . . Miscellaneous . | . . . . Route ------- -11/Junkyard -10/Materials -9/Materials -9/Mines History --------- Turn | Location | Event 4 | -11/Junkyard | Identified exit to Materials 4 | -11/Junkyard | Discovered exit to Materials (range 14) 112 | -11/Junkyard | Entered Materials 112 | -10/Materials | Evolved 1 slot: Utility x1 315 | -10/Materials | Build established: Hacker-Mutant 536 | -10/Materials | Identified exit to Materials 536 | -10/Materials | Discovered exit to Materials (range 14) 551 | -10/Materials | Entered another Materials area 551 | -9/Materials | Evolved 2 slots: Propulsion x2 653 | -9/Materials | Identified exit to Mines 653 | -9/Materials | Discovered exit to Mines (range 14) 696 | -9/Materials | Entered Mines 699 | -9/Mines | Received a Mining Laser from a helpful Derelict 845 | -9/Mines | Assembled infested the area 890 | -9/Mines | Self-destructed Last Messages --------------- 00869_ U-05 Engineer lays Concrete. 00870_ The unstable cave ceiling collapses. 00870_ Com. Wheel destroyed. 00871_ U-05 Engineer lays Concrete. 00872_ Med. Laser destroyed. 00873_ U-05 Engineer lays Concrete. 00874_ D-53 Grenadier destroyed. 00874_ Lgt. Assault Rifle destroyed. 00874_ Com. Wheel destroyed. 00875_ U-05 Engineer lays Concrete. 00878_ The unstable cave ceiling collapses. 00878_ U-05 Engineer lays Concrete. 00879_ The unstable cave ceiling collapses. 00879_ U-05 Engineer lays Concrete. 00881_ T-07 Excavator destroyed. 00882_ U-05 Engineer lays Concrete. 00882_ T-07 Excavator destroyed. 00887_ The unstable cave ceiling collapses. 00889_ Hvy. Ion Engine destroyed. 00889_ Com. Wheel destroyed. Map ----- +----------------------------------------------------+ | ??????# #??????## ## #?? | | ??????# ##?????# = #??? | | ??????## ####### = [ #???? | | ???????# *%## #???? | | ???????# ## ####### #### #???? | | ???????# ### #?????#### #??## #???? | | ???????# ##?# #????????## ##???## ##???? | | ??????# ##??# #?????###?# #?????#####????? | | ?????# #???# #????## ## #??????????????? | | ?????# #???# #????# # #??????????????? | | ?????# #????# #????# ##?????????????? | | ?????####?????# #????## ##????????????? | | ??????????????# #?????### #????????????? | | ??????????????? ????????## #????????????? | | ??????????????? ??##?????## ##???????????? | | ??????????????? ?? %??????## #???????????? | | ???????????????#??#u???????## ##??????????? | | ?????????????##???# ???????## #??????????? | | ????????????## #??# #?????## #??????????? | | ????????????# #?# #?????# ##??????????? | | ????????????# ## ###??## ###???????????? | | ???????# #### #### ##?????????????? | | ??????## # # #??????????????? | | ??????# ##??????????????? | | ??????# #???????????????? | | ????????????# @ ##???????????????? | | ????????????### a ###????????????????? | | ??????????????# #???????????????? | | ??????????##### a # ###?????????????? | | ?????###### % #??????????? | | ?????# d %= #??????????? | | ?????# ######??????????? | | ?????# ### a #??????????????? | | ?????# #?## a## ##??????????????? | | ?????# #??### ##### # # ###???????????????? | | ?????# ##???#% ###??######?????????????????? | | ?????# ##??#* # ##????????????????????????? | | ?????# ##?# #????????????????????????? | | ?????# %### ###????????????????????????? | | ?????# ##??????????????????????????? | | ?????# ##??????????????????????????? | | ?????## ##?????????????????????????? | | ??????###### #?????????????????????????? | | ???????????## #?????????????????????????? | | ????????????## = #?????????????????????????? | | ?????????????#*%! #?????????????????????????? | | ?????????????#![% #?????????????????????????? | | ?????????????## * #????????????????????????? | | ??????????????# #????????????????????????? | | ??????????????# #????????????????????????? | +----------------------------------------------------+ Best States ------------- Heat Dissipation 28 Energy Generation 14 Energy Capacity 280 Matter Stores 300 Matter Capacity 300 Sight Range 16 Terrain Scan Density 10 Resistance: KI 35 Resistance: TH 35 Resistance: EX 35 Resistance: EM 35 Resistance: I 35 Resistance: S 35 Resistance: P 35 Utility Shielding 33 Evasion (%) 55 Targeting Accuracy 5 Offensive Hacking 20 Item Schematics ----------------- None Robot Schematics ------------------ None Fabricated ------------ Nothing Alien Tech Used ----------------- None Achievements -------------- None Challenges ------------ None Game ------ Seed BattleMakeshiftGenerator Manual? 0 Play Time 00:23:43 Cumulative 41.7 hours Start 2023.09.16 @ 17:12:59 End 2023.09.19 @ 20:54:48 Sessions 5 Manual Loads 0 Difficulty Explorer Special Mode None Game No. 27 Rogue 12 Adventurer 0 Explorer 15 Win Type - Total 2 Types 2/0/0/0/0/0/0/0/0 Lore% 48 Gallery% 37 Achievement% 35 Wizard Run 0 Options --------- ASCII 0 Keyboard 1 Movement Numpad Keybinds 0 Fullscreen 1 Font 18/SmallcapsGlow Map View 76x50 Tactical HUD 1 Map Filters NONE Filters NONE Steam 1 RUN: ef0e8839-79a8-4fae-9c37-ef9f5ff6481d